Match 41300105
Unlisted

Match 41300105
End
Kradschützen Motorcycle Team
Panzergrenadier Squad
Selects Italian Infantry
250 Light Carrier
Construct Light Support Kompanie
Combat Half-tracks
MG34 Team
Selects Guastatori Squad
Guastatori Squad
Fire Support Elements
Pak 38 Mechanized Group
Pak 38 Anti-tank Gun Team
Construct Panzerarmee Kommand
Selects Defensive Operations
Selects Registered Artillery
Registered Artillery
Guastatori Squad
Selects Towed Cannone da 105/28 Field Howitzer
Towed Cannone da 105/28 Field Howitzer
Panzer III L Medium Tank
Emergency Repair Kits
Armored Reserves
Selects Prepared Positions
Selects Obice 305mm Barrage
PhoneyMcRing
Gambit
mimq
STALKER4732
SoyaLors
Devochkin
0
0

Comments sign in to comment!

No comments posted yet!